 Dungeon Crawl Stone Soup version 0.28.0-53-g5a82cb258f (webtiles) character file.

Game seed: 13883406955750999174

140 zekoff the Ruffian (level 5, 0/40 HPs)
             Began as a Draconian Transmuter on July 21, 2022.
             Constricted to death by a ball python (1 damage)
             ... on level 3 of the Dungeon.
             The game lasted 00:13:18 (2512 turns).

zekoff the Ruffian (Draconian Transmuter)           Turns: 2512, Time: 00:13:20

Health: 0/40       AC:  5    Str: 15    XL:     5   Next: 2%
Magic:  7/8        EV:  9    Int: 13    God:
Gold:   41         SH:  0    Dex: 11    Spells: 8/9 levels left

rFire   . . .      SeeInvis .     - Unarmed
rCold   . . .      Faith    .   (no shield)
rNeg    . . .      Spirit   .   (armour unavailable)
rPois   .          Reflect  .   (helmet currently unavailable)
rElec   .          Harm     .   (no cloak)
rCorr   .          Rampage  .   (no gloves)
Will    .....                   (boots currently unavailable)
Stlth   +.........              (no amulet)
HPRegen 0.13/turn               (no ring)
MPRegen 0.11/turn               (no ring)

@: brilliant, about to teleport, appendages (expiring), constricted
A: horns 2, talons 2, AC +5, unfitting armour, cold-blooded
a: End Transformation


You were on level 3 of the Dungeon.
You had temporarily grown beastly horns and talons.
You visited 1 branch of the dungeon, and saw 3 of its levels.

You collected 80 gold pieces.
You spent 39 gold pieces at shops.

Inventory:

Hand Weapons
 a - a +0 dagger
Missiles
 b - a throwing net
 n - 3 javelins (quivered)
Magical Staves
 m - a staff of cold
Scrolls
 c - a scroll of teleportation
 g - a scroll of magic mapping {unknown}
 h - 3 scrolls of identify
 j - a scroll of immolation {unknown}
 k - a scroll of noise
 l - a scroll of enchant weapon {unknown}
Potions
 d - 2 potions of attraction
 e - 2 potions of flight


   Skills:
 + Level 1.4 Fighting
 + Level 1.9 Short Blades
 + Level 2.7 Dodging
 + Level 0.3 Stealth
 + Level 3.6 Unarmed Combat
 + Level 2.6 Spellcasting
 + Level 2.6 Transmutations


You had 8 spell levels left.
You knew the following spells:

 Your Spells              Type           Power      Damage    Failure   Level
a - Beastly Appendage     Tmut           24%        N/A       9%          1

Your spell library contained the following spells:

 Spells                   Type           Power      Damage    Failure   Level
 Wereblood                Tmut           12%        N/A       12%         2
 Spider Form              Tmut/Pois      7%         N/A       38%         3
 Ice Form                 Ice/Tmut       7%         N/A       80%         4


Dungeon Overview and Level Annotations

Branches:
Dungeon (3/15)

Altars:

Shops:
D:2 ?


Innate Abilities, Weirdness & Mutations

You have temporarily grown beastly horns and talons.
Your plain brown scales are hard. (AC +5)
You cannot fit into any form of body armour.
You are cold-blooded and may be slowed by cold attacks.


Message History

The ball python bites you but does no damage.
The ball python constricts you.
The ball python bites you but does no damage.
The ball python constricts you.
You barely miss the ball python. Your kick misses the ball python.
The ball python is severely wounded.
The ball python bites you but does no damage.
The ball python constricts you.
You barely miss the ball python. Your kick misses the ball python.
Your headbutt misses the ball python.
Your tail-slap misses the ball python.
The ball python is severely wounded.
The ball python bites you.
* * * LOW HITPOINT WARNING * * *
The ball python constricts you.
* * * LOW HITPOINT WARNING * * *
You barely miss the ball python.
The ball python is severely wounded.
The orc hits you from afar with a +0 trident!
* * * LOW HITPOINT WARNING * * *
The ball python bites you but does no damage.
The ball python constricts you.
As you read the scroll of teleportation, it crumbles to dust.
You feel strangely unstable.
The ball python bites you but does no damage.
The ball python constricts you.
The orc hits you from afar with a +0 trident.
* * * LOW HITPOINT WARNING * * *
You barely miss the ball python.
You headbutt the ball python, but do no damage.
The ball python is severely wounded.
Your transformation is almost over.
The ball python closely misses you. The ball python constricts you.
The orc closely misses you.
You barely miss the ball python. Your kick misses the ball python.
You headbutt the ball python, but do no damage.
The ball python is severely wounded.
The ball python bites you.
* * * LOW HITPOINT WARNING * * *
The ball python constricts you.
You die...

##...##.. ##.
.... .. #.
...##o# ##
...#..# # ..#..#
# #...(# # #.)..#
# #########o...##
##
.......@S.....#
#.
#########...#....
##. ##..###..
###..
##...######....
###........###
##########


You could see an orc and a ball python.

Vanquished Creatures
  A howler monkey (D:3)
  3 adders
  2 dart slugs
  3 ball pythons
  5 bats
  5 endoplasms
  6 giant cockroaches
  4 goblins
  4 hobgoblins (D:1)
  7 kobolds
  5 quokkas
  2 frilled lizards (D:1)
  21 rats
68 creatures vanquished.

Notes
Turn   | Place    | Note
-------+----------+-------------------------------------------
     0 | D:1      | zekoff the Draconian Transmuter began the quest for the
                  | Orb.
     0 | D:1      | Reached XP level 1. HP: 16/16 MP: 3/3
    52 | D:1      | Found a faded altar of an unknown god.
   143 | D:1      | Reached XP level 2. HP: 6/23 MP: 3/5
  1307 | D:1      | Reached XP level 3. HP: 26/28 MP: 6/6
  1856 | D:2      | Found Suvoepp's Magic Scroll Shoppe.
  1879 | D:2      | Identified the -7 buckler "Degofoat" {Str+2 Stlth+}
  1896 | D:2      | Bought a scroll of identify for 26 gold pieces
  1896 | D:2      | Bought a scroll of noise for 13 gold pieces
  1957 | D:2      | Reached skill level 1 in Short Blades
  2078 | D:2      | Reached XP level 4. HP: 35/35 MP: 5/7
  2456 | D:3      | Reached XP level 5. HP: 7/40 MP: 6/8
  2510 | D:3      | HP: 2/40 [orc/+0 trident (1)]
  2512 | D:3      | Constricted to death by a ball python

Illustrated notes

Levels and vault maps discovered:
D:1:      nicolae_arrival_somewhat_less_tricky_arrival, layout_basic,
          basic_ecumenical_altar, kennysheep_nondescript, minmay_octomino_j4
D:2:      layout_rooms, serial_shops, shop, minmay_rat_hole
D:3:      layout_loops_ring, st_stairs_13, minmay_randomly_rotated_circles

Skill      XL: |  1  2  3 |
---------------+----------+-----
Dodging        | 2 |  2.7
Short Blades   | 1 |  1.9
Fighting       | |  1.4
Stealth        | |  0.3
Unarmed Combat | |  3.6
Spellcasting   | |  2.6
Transmutations | |  2.6

Action                   |  1- 3 |  4- 6 || total
-------------------------+-------+-------++-------
Melee: Dagger            |   163 |       ||   163
       Tailslap          |    19 |     9 ||    28
       Headbutt          |     6 |     3 ||     9
       Kick              |     6 |     3 ||     9
       Punch             |     4 |     1 ||     5
       Unarmed           |     5 |    96 ||   101
Throw: Javelin           |       |     2 ||     2
 Cast: Beastly Appendage |     7 |     3 ||    10
  Use: Scroll            |     3 |     1 ||     4
       Potion            |       |     2 ||     2
 Stab: Sleeping          |     1 |       ||     1
Armor: Skin              |    50 |    41 ||    91
Dodge: Dodged            |   107 |    45 ||   152
